[Event "Slovakian-ch Youth 2022"]
[Site "Lubovna"]
[Date "2022.05.22"]
[Round "1.1"]
[White "Priechodsky, Radovan"]
[Black "Zetocha, Adrian"]
[Result "0-1"]
[ECO "B77"]
[WhiteElo "1965"]
[BlackElo "2331"]
[Annotator "TA"]
[PlyCount "69"]
[EventDate "2022.05.22"]
[EventCountry "SVK"]
[SourceTitle "playchess.com"]
[Source "ChessBase"]
[SourceQuality "1"]
[TimeControl "40/5400+30:1800+30"]

1. e4 c5 2. Nf3 d6 3. d4 cxd4 4. Nxd4 Nf6 5. Nc3 g6 6. Be3 Bg7 7. f3 Nc6 8. Bc4 O-O 9. Bb3 Bd7 10. Qd2 Nxd4 11. Bxd4 b5 12. O-O a5 13. a4 b4 14. Nd5 {[%emt 0:03:33] B77: Sicilian Dragon: Yugoslav Attack, 9 Bc4 sidelines.} Nxd5 15. Bxd5 Rc8 16. Bb3 {[%emt 0:07:25] Black is slightly better.} Be6 {[%emt 0:12:14] [#]} 17. Bxg7 $146 ({Predecessor:} 17. Bxe6 Bxd4+ 18. Qxd4 fxe6 19. Rf2 Rc5 20. Rd1 Qc7 21. Rdd2 Rc8 22. Rfe2 Qc6 23. b3 {0-1 (57) Navratil,J (2047)-Seidl,S (2144) Czech Republic 2012}) 17... Kxg7 18. Kh1 Rc5 19. Qd4+ Kg8 20. f4 Qa8 21. f5 Bxb3 22. cxb3 Re5 23. Rf4 (23. Rae1 $17 {was called for.}) 23... g5 $1 $19 24. Rg4 f6 25. Re1 Rc8 {[%emt 0:00:24] aiming for ...h5.} 26. Rg3 $2 {[%emt 0:07:12] [#]} (26. h4 h6 27. hxg5 hxg5 28. Re3) 26... Rc2 (26... Rxe4 $142 $3 27. Qd1 (27. Qg1 Rc2) 27... Rc2 $3 ) 27. h4 h6 28. hxg5 hxg5 (28... fxg5 29. Rf3 $15) 29. Qe3 Qc6 (29... Rxb2 30. Rxg5+ fxg5 31. Qxg5+ Kf8 32. Qh6+ Kg8 33. f6 exf6 34. Qg6+ Kf8 35. Qxf6+ Ke8 36. Qh8+ Ke7 37. Qxa8 $18) 30. Kh2 Rxb2 (30... d5 31. Qa7) 31. Rh3 (31. Qf3 {might work better.}) 31... Qc2 32. Rg1 (32. Qf3 {was worth a try.}) 32... Qxe4 33. Qa7 {[%emt 0:00:24] [#] Qb8+ would kill now.} Qxf5 $2 ({Black should try} 33... Kg7 $1 $19 34. Qb8 Rxg2+ 35. Rxg2 Qf4+ 36. Rhg3 (36. Kh1 {is a self mate.} Re1+ 37. Rg1 Qe4+) 36... g4) 34. Qb8+ $2 (34. Qa8+ $16 Kf7 35. Rh8 Rxg2+ 36. Kxg2 (36. Rxg2 Qf4+ 37. Rg3 Re2+ 38. Kh1 Re1+ 39. Rg1 Rxg1+ 40. Kxg1 Qd4+ 41. Kh1 Qa1+ 42. Kh2 Qe5+ 43. Kh3 Qe3+ 44. Kh2 Qf4+ 45. Kg2 Qd2+ 46. Kh3 Qe3+ 47. Kh2 Qf4+ 48. Kh3 Qe3+ $11) 36... Qc2+ 37. Kh1) 34... Kf7 {[%emt 0:00:14] ( -> ...g4)} 35. Rh8 {[%emt 0:00:23] White did not feel at home in the position after the opening.  Weighted Error Value: White=0.75/Black=0.40} 0-1

[Event "Slovakian-ch Youth 2022"]
[Site "Lubovna"]
[Date "2022.05.21"]
[Round "1.1"]
[White "Elias, David"]
[Black "Cerven, Samuel"]
[Result "1-0"]
[ECO "D02"]
[WhiteElo "1901"]
[BlackElo "1353"]
[Annotator "TA"]
[PlyCount "123"]
[EventDate "2022.05.22"]
[EventCountry "SVK"]
[SourceTitle "playchess.com"]
[Source "ChessBase"]
[SourceQuality "1"]
[TimeControl "40/5400+30:1800+30"]

1. d4 d5 2. Nf3 Nf6 3. c4 c6 4. Qb3 e6 5. g3 Be7 6. Bg2 O-O 7. O-O Nbd7 8. Bf4 {[%emt 0:01:55] Recently 8.Rd1 got a lot of attention.} b6 {[%emt 0:12:31] E07: Closed Catalan: Main Line (5 Nf3 0-0 6 0-0 Nbd7).} 9. Nbd2 Bb7 {[%emt 0:00:47] [#]} 10. Rac1 $146 ({Predecessor:} 10. Ne5 c5 11. Nxd7 Qxd7 12. dxc5 Bxc5 13. Rad1 Qe7 14. Bg5 dxc4 15. Qxc4 Bxg2 16. Kxg2 Rac8 17. Qb3 h6 18. Bxf6 Qxf6 19. Ne4 Qe7 20. Nxc5 Rxc5 {½-½ (20) Cramling,P (2465)-Stefanova,A (2486) St Petersburg 2018}) 10... Rc8 {[%emt 0:03:41] The position is equal.} 11. Rfd1 c5 12. cxd5 (12. dxc5 {seems wilder.} Bxc5 13. cxd5 Bxd5 14. Qd3) 12... Bxd5 13. Qc2 (13. Nc4 {feels hotter.} a6 14. Nfe5 b5 15. Bxd5 exd5 16. Ne3) 13... cxd4 (13... Bxa2 $2 14. b3 $18) (13... h6 {keeps more tension.} 14. Qb1 cxd4 15. Nxd4 Bxg2 16. Kxg2 Rxc1 17. Qxc1 Bc5) 14. Qxc8 Qxc8 15. Rxc8 Rxc8 16. Nxd4 Bxg2 17. Kxg2 e5 18. Nf5 Bf8 19. Bg5 (19. Be3 $1 $11 {remains equal.}) 19... Rc2 $17 20. Rb1 (20. b3 $142) 20... h6 21. Be3 {[%emt 0:03:20] [#]} (21. Bxf6 $17 Rxd2 22. Be7) 21... Nd5 $2 ({Black should play} 21... g6 $1 $19 22. Nh4 (22. Nxh6+ $2 Bxh6 23. Bxh6 Ng4 $19) 22... Bc5 23. Bxc5 (23. Bxh6 $2 Ng4 $19) 23... Nxc5) 22. Kf3 $2 (22. Rd1 $11 {and White has nothing to worry.}) 22... Nxe3 (22... g6 $19 23. Nxh6+ Kg7) 23. Kxe3 Nf6 24. Kd3 Rc5 (24... Rc8 $15) 25. e4 $11 Rc8 26. f3 Bb4 27. Nc4 Rd8+ 28. Ke2 Kh7 ({Better is} 28... Re8 $14) 29. a3 $18 ({Don't play} 29. Nxe5 $6 Rd2+ 30. Ke3 Rxh2 $14) 29... Bf8 30. Nxe5 Re8 (30... Rc8 {keeps fighting.} 31. Rd1 (31. Nxf7 Rc2+ 32. Kd3 Rxh2 $16) 31... Rc2+ 32. Rd2 Rc7) 31. Nd3 (31. Nxf7 $142 {And now Rc1 would win.} Kg8 32. N7d6) 31... g6 32. Ne3 Bc5 (32... Kg7 $16 {was called for.} 33. e5 Nd7) 33. Nxc5 bxc5 {[%emt 0:00:01][%mdl 4096] Endgame KRN-KRN} 34. Rc1 Rc8 (34... Rb8 $142 35. Nc4 (35. Rxc5 Rxb2+ 36. Rc2 Rxc2+ 37. Nxc2 Kg7 $16) 35... Nd7) 35. b4 Nd7 36. Rc4 Rb8 37. bxc5 Rb2+ 38. Kd1 Ne5 39. Rc2 Rb3 40. Nd5 Nc6 (40... Rxf3 $142 41. c6 Nxc6 42. Rxc6 Rxa3) 41. Nb4 Nxb4 42. axb4 Rxb4 {[%emt 0:00:06] KR-KR} 43. c6 Rb8 44. c7 Rc8 45. h4 Kg7 46. Rc6 Kf8 47. h5 gxh5 48. Rxh6 {[%emt 0:00:00] White is more active.} (48. Kd2 $142) 48... Rxc7 $16 49. Rxh5 {[%emt 0:00:00] Strongly threatening Kd2.} Rc3 50. Ke2 {[%emt 0:00:00] Hoping for Ra5.} Ra3 {[%emt 0:00:00] Prevents Ra5.} 51. Rh8+ Kg7 52. Ra8 a5 53. Kf2 {[%emt 0:00:00] Threatens to win with g4.} Kf6 $2 {[%emt 0:00:00][%mdl 8192] [#]} (53... a4 $16 {is tougher.}) 54. f4 $1 $18 Kg6 (54... a4 $142 55. g4 Ra2+ 56. Kg3 Kg7) 55. Ra6+ Kg7 56. e5 Kf8 57. Kg2 Ra1 58. Kf3 a4 59. Kg4 a3 60. Kf5 {[%emt 0:00:00] Threatening mate with Kf6.} Kg7 61. Ra7 {[%emt 0:00:00] Black must now prevent e6.} Kf8 62. Kf6 {[%emt 0:00:00] Never resign too early!  Weighted Error Value: White=0.29 (precise) /Black=0.64} 1-0

[Event "Slovakian-ch Youth 2022"]
[Site "Lubovna"]
[Date "2022.05.22"]
[Round "1.2"]
[White "Turcan, Richard"]
[Black "Valko, Michal"]
[Result "1-0"]
[ECO "A57"]
[WhiteElo "2278"]
[BlackElo "1906"]
[Annotator "TA"]
[PlyCount "87"]
[EventDate "2022.05.22"]
[EventCountry "SVK"]
[SourceTitle "playchess.com"]
[Source "ChessBase"]
[SourceQuality "1"]
[TimeControl "40/5400+30:1800+30"]

1. d4 Nf6 2. c4 c5 3. d5 b5 4. a4 bxc4 5. Nc3 d6 6. e4 g6 7. f4 Bg7 8. Nf3 O-O 9. Bxc4 Ba6 10. Bb5 Ne8 {[%emt 0:01:09] A57: Benko/Volga Gambit.} 11. O-O Nc7 {[%emt 0:00:30] [#]} 12. Qe2 $146 ({Predecessor:} 12. f5 Bxb5 13. axb5 Nd7 14. Qe2 Nb6 15. Ng5 h6 16. Nh3 Nd7 17. Rf3 Ne5 18. Rg3 {1-0 (62) Ward,C (2500)-Adams,M (2660) Hastings 1995}) 12... Qc8 {[%emt 0:03:25] The position is equal.} 13. Bd2 (13. f5 $14) 13... Bxb5 14. axb5 Nd7 15. Ra5 a6 16. Rfa1 axb5 {[%emt 0:01:12] Hoping for ...Rxa5.} 17. Rxa8 Nxa8 18. Qxb5 Qc7 19. Qc6 Ndb6 (19... Rc8 {with more complications.} 20. Rxa8 Qxc6 21. dxc6 Rxa8 22. cxd7 Rd8) 20. Qxc7 (20. Nb5 {is interesting.} Qb8 21. Ra7 Rc8 22. Rb7) 20... Nxc7 21. Ra7 Rc8 22. Kf2 (22. Rb7 $11 Nc4 23. Na4) 22... Kf8 (22... Nc4 $15) 23. Ke2 $11 Nc4 24. Bc1 Bxc3 25. bxc3 Nb5 {[%emt 0:00:10][%csl LRa7,LRc3] Pair of Knights!} 26. Ra1 {[%emt 0:01:17] [#] Threatens to win with Kd3.} Rb8 ({Much less strong is} 26... Nxc3+ 27. Kd3 $16) (26... Nb6 $11 {remains equal.}) 27. Kd3 $16 Nb6 28. c4 $36 {[%emt 0:00:14][%mdl 2048] White has strong initiative.} Nc7 29. e5 Nc8 30. Bd2 e6 31. Ba5 {[%emt 0:01:45] White is more active.} Ra8 $2 {[%emt 0:00:16][%mdl 8192] This costs Black the game.} (31... Na6 $16) 32. exd6 $18 Nxd6 {[%emt 0:01:58] [#]} 33. Bxc7 $1 Rxa1 34. Bxd6+ Ke8 35. dxe6 ({Weaker is} 35. Bxc5 exd5 36. cxd5 Rf1 $18) 35... fxe6 36. Bxc5 Kd7 37. Be3 Ra2 38. g3 Kd6 39. Ke4 Ra4 40. Kd4 Ra5 41. Ng5 {[%emt 0:30:30] White is clearly winning.} h6 (41... h5 $142 42. h3 Ra1 43. Nf7+ Kc7) 42. Nf7+ Kc6 43. Nxh6 Rh5 44. Ng4 {[%emt 0:00:30] Weighted Error Value: White=0.11 (very precise) /Black=0.33} 1-0

[Event "Slovakian-ch Youth 2022"]
[Site "Lubovna"]
[Date "2022.05.21"]
[Round "1.2"]
[White "Buda, Alexander"]
[Black "Pisarcik, Richard"]
[Result "0-1"]
[ECO "C55"]
[WhiteElo "1744"]
[BlackElo "1343"]
[Annotator "NA COMBH"]
[PlyCount "60"]
[EventDate "2022.05.22"]
[EventCountry "SVK"]
[SourceTitle "playchess.com"]
[Source "ChessBase"]
[SourceQuality "1"]
[TimeControl "40/5400+30:1800+30"]

1. e4 e5 2. Nf3 Nc6 3. Bc4 Nf6 4. d3 Be7 5. O-O d5 6. Nc3 dxc4 7. dxc4 Qxd1 8. Rxd1 Bg4 9. Nb5 Rc8 10. Be3 Nxe4 11. h3 Bxf3 12. gxf3 Nf6 13. Rd2 O-O 14. a4 a6 15. Nc3 Bb4 16. Rb1 e4 17. f4 Na5 18. Bd4 Nxc4 19. Re2 Bxc3 20. bxc3 Nd5 21. Rxe4 Nd2 22. Ree1 Nxb1 23. Rxb1 Nxf4 24. Kf1 Rfe8 25. Rxb7 Ne2 26. Be3 Nxc3 27. Bf4 h6 28. Bxc7 Re7 29. Rb8 Rexc7 30. Rxc8+ Rxc8 0-1

[Event "Slovakian-ch Youth 2022"]
[Site "Lubovna"]
[Date "2022.05.21"]
[Round "1.2"]
[White "Kudela, Oliver"]
[Black "Smetana, Peter"]
[Result "0-1"]
[ECO "B32"]
[WhiteElo "1344"]
[BlackElo "1740"]
[Annotator "NA COMBH"]
[PlyCount "40"]
[EventDate "2022.05.22"]
[EventCountry "SVK"]
[SourceTitle "playchess.com"]
[Source "ChessBase"]
[SourceQuality "1"]
[TimeControl "40/5400+30:1800+30"]

1. e4 c5 2. Nf3 Nc6 3. d4 cxd4 4. Nxd4 e5 5. Nf3 Nf6 6. Nc3 Bc5 7. Bc4 h6 8. h3 O-O 9. O-O d6 10. Re1 Qb6 11. Re2 Nd4 12. Nxd4 Bxd4 13. Qd3 Bd7 14. Qg3 Kh8 15. b3 Rac8 16. Rb1 Qc6 17. Nd5 Nxd5 18. exd5 Qb6 19. Qh4 Rxc4 20. Re4 Bxf2+ 0-1

[Event "Slovakian-ch Youth 2022"]
[Site "Lubovna"]
[Date "2022.05.22"]
[Round "1.3"]
[White "Kapec, Kristian"]
[Black "Bochnicka, Vladimir"]
[Result "0-1"]
[ECO "B02"]
[WhiteElo "1902"]
[BlackElo "2267"]
[Annotator "TA"]
[PlyCount "74"]
[EventDate "2022.05.22"]
[EventCountry "SVK"]
[SourceTitle "playchess.com"]
[Source "ChessBase"]
[SourceQuality "1"]
[TimeControl "40/5400+30:1800+30"]

1. e4 c5 2. c3 Nf6 3. e5 Nd5 4. d4 cxd4 5. cxd4 Nc6 6. Nf3 e6 7. Nc3 d6 8. Nxd5 exd5 9. exd6 {[%emt 0:05:52] B02: Alekhine's Defence: Chase Variation and lines with early Nc3.} (9. Bd3 $11) 9... Bxd6 $15 10. Bd3 Bg4 11. O-O {[%emt 0:04:46] The position is equal.} O-O {[%emt 0:17:08] Active counter play!} 12. Be3 {[%emt 0:00:40] [#]} Rc8 $146 ({Predecessor:} 12... Qf6 13. h3 Bh5 14. g4 Bg6 15. Bg5 Qe6 16. Re1 Qd7 17. Ne5 Bxe5 18. dxe5 Rfe8 {0-1 (26) Krishnan,V (2228)-Le,T (2501) Chess.com INT 2020}) 13. a3 Qf6 14. Be2 Rfe8 15. Qb3 Bf4 16. h3 Be6 17. Qxb7 Bxe3 18. fxe3 Qh6 19. Bb5 Re7 20. Qa6 $132 {[%emt 0:04:59][%mdl 2048] Threatens to win with Rac1. White is fighting back} Rec7 (20... Qxe3+ $11 21. Kh1 Rec7) 21. Rae1 $14 Ne7 (21... Qg6 $14) 22. Bd3 $16 Rc6 {[%emt 0:01:53] Prevents Qd6.} (22... Nf5 $16 {was called for.}) 23. Qxa7 $18 Nf5 24. Bxf5 Bxf5 25. Ne5 R6c7 26. Qa5 Be4 {[%emt 0:00:55] [#]} 27. Rf2 Qg5 {[%emt 0:03:14] [#]} (27... Qh4 $16 {might work better.}) 28. Nf3 $2 (28. Qa6 $1 $18) 28... Qg3 (28... Bxf3 $5 29. Rxf3 (29. h4 $2 Qg4 $19) 29... Rc2 $14) 29. Nd2 $2 {[%emt 0:00:45][%mdl 8192] [#]} (29. Rd1 $14) 29... Bxg2 $1 $19 {[%emt 0:01:01][%mdl 576] Pin} 30. Nf1 (30. Rxg2 Qxe1+) 30... Bxf1+ 31. Kxf1 Qxh3+ 32. Kg1 Rc1 {[%emt 0:01:27] Hoping for ...Qxe3.} 33. Qd2 R1c6 {[%emt 0:02:51][%cal Bc1c6,Bc6g6,Bg6h6][%mdl 32] ...Rg6+ is the strong threat.} 34. Rh2 Rg6+ 35. Rg2 Rcc6 {[%emt 0:00:40] ( -> ...Rh6)} 36. Ree2 Rh6 37. Rh2 Rcg6+ {[%emt 0:00:11] Never resign too early!  Weighted Error Value: White=0.84/Black=0.25 (precise)} 0-1

[Event "Slovakian-ch Youth 2022"]
[Site "Lubovna"]
[Date "2022.05.21"]
[Round "1.3"]
[White "Hudak, Jan"]
[Black "Vida, Gergo"]
[Result "1-0"]
[ECO "B27"]
[WhiteElo "1688"]
[BlackElo "1821"]
[Annotator "NA COMBH"]
[PlyCount "37"]
[EventDate "2022.05.22"]
[EventCountry "SVK"]
[SourceTitle "playchess.com"]
[Source "ChessBase"]
[SourceQuality "1"]
[TimeControl "40/5400+30:1800+30"]

1. e4 c5 2. Nf3 g6 3. c3 Bg7 4. d4 cxd4 5. cxd4 d6 6. Nc3 Nc6 7. Bb5 a6 8. Ba4 b5 9. Bb3 Bg4 10. Bxf7+ Kxf7 11. Ng5+ Ke8 12. Qxg4 Nxd4 13. O-O Nf6 14. Qd1 e5 15. Be3 Nd7 16. Nd5 Bh6 17. Ne6 Nxe6 18. Bxh6 g5 19. Qh5# 1-0

[Event "Slovakian-ch Youth 2022"]
[Site "Lubovna"]
[Date "2022.05.21"]
[Round "1.4"]
[White "Ammer, Erik"]
[Black "Oruzinsky, Juraj"]
[Result "0-1"]
[ECO "C50"]
[WhiteElo "1320"]
[BlackElo "1656"]
[Annotator "NA COMBH"]
[PlyCount "84"]
[EventDate "2022.05.22"]
[EventCountry "SVK"]
[SourceTitle "playchess.com"]
[Source "ChessBase"]
[SourceQuality "1"]
[TimeControl "40/5400+30:1800+30"]

1. e4 e5 2. Nf3 Nc6 3. Bc4 Bc5 4. d3 d6 5. h3 h6 6. Nc3 Nf6 7. Be3 Bb6 8. Qd2 Be6 9. Bb3 Ba5 10. Ba4 O-O 11. a3 Qe7 12. Bxc6 bxc6 13. b4 Bb6 14. O-O Rfd8 15. Rad1 a5 16. Bxb6 cxb6 17. d4 Bc4 18. Rfe1 axb4 19. axb4 b5 20. Qe3 Nh5 21. Rd2 Nf4 22. Red1 Ng6 23. Ne2 Re8 24. dxe5 dxe5 25. c3 Bb3 26. Rd7 Bxd1 27. Rxe7 Rxe7 28. Ng3 Ra1 29. Kh2 Rd7 30. h4 Bxf3 31. Qxf3 Rd2 32. h5 Nf4 33. Qg4 Ne6 34. Nf5 Kh7 35. Ne7 Rxf2 36. Kg3 Raa2 37. Kh3 Nf4+ 38. Kh4 Nxg2+ 39. Kg3 Ne3 40. Qc8 Nf1+ 41. Kg4 Rf4+ 42. Kh3 Rh2# 0-1

[Event "Slovakian-ch Youth 2022"]
[Site "Lubovna"]
[Date "2022.05.22"]
[Round "1.5"]
[White "Kostelansky, Karol"]
[Black "Stevik, Patrik"]
[Result "0-1"]
[ECO "B06"]
[WhiteElo "1821"]
[BlackElo "2249"]
[Annotator "TA"]
[PlyCount "102"]
[EventDate "2022.05.22"]
[EventCountry "SVK"]
[SourceTitle "playchess.com"]
[Source "ChessBase"]
[SourceQuality "1"]
[TimeControl "40/5400+30:1800+30"]

1. e4 {[%emt 0:00:18] Kaspi,A} g6 2. d4 Bg7 3. Nc3 d6 4. h4 h5 5. Be2 a6 6. Nf3 {[%emt 0:02:40] B06: Modern Defence.} b5 7. Be3 Bb7 8. Ng5 {[%emt 0:01:37] White is slightly better.} Nd7 9. f4 {[%emt 0:12:37] Strongly threatening f5.} e6 {[%emt 0:14:06] [#] Prevents f5.} 10. Qd3 $146 (10. f5 $14 exf5 11. exf5) ({Predecessor:} 10. f5 exf5 11. exf5 Qe7 12. Qd3 gxf5 13. Bf3 Bxf3 14. gxf3 Nb6 15. O-O-O Qd7 16. d5 {0-1 (38) Slobodjan,R (2536)-Arencibia Rodriguez,W (2520) Havana 1999 CBM 071 [Kaspi,A]}) 10... Nh6 $11 11. O-O-O b4 12. Nb1 (12. d5 $11) 12... a5 $1 $17 13. Bf3 (13. Qb5 $2 Ba6 14. Qxa6 Rxa6 15. Bxa6 Qa8 $19) 13... Ba6 (13... O-O {is interesting.} 14. Qb5 Nb6 15. Nd2 Qd7) 14. Qd2 Rb8 (14... Nb6 $15) 15. Rdg1 (15. d5 $1 $11 {remains equal.} e5 16. f5 gxf5 17. Bxh5) 15... Nb6 16. b3 {[%emt 0:04:36] Inhibits Nc4.} d5 (16... Qd7 {looks sharper.} 17. a3 Ng4 18. axb4 axb4 19. Re1 Nxe3 20. Qxe3 e5) 17. g4 $2 ({White should try} 17. e5 $1 $15) 17... hxg4 ({And not} 17... Nxg4 18. Bxg4 hxg4 19. e5 $15) 18. Bxg4 Nxg4 19. Rxg4 dxe4 20. Nxe6 $2 (20. Rhg1 $17 {might work better.}) 20... fxe6 $19 21. Rxg6 Qe7 {[%emt 0:01:19] Threatens to win with ...Bf6.} 22. Qg2 Bf6 {[%emt 0:00:28] aiming for ...Nd5.} 23. h5 (23. Nd2 $142 Bb7 24. Nxe4 Bxe4 25. Qxe4) 23... Nd5 24. Qh3 (24. Qxe4 Bb7 25. Rhg1) 24... Rd8 {[%emt 0:00:44] White must now prevent ...Be2.} 25. Nd2 Nc3 26. Kb2 Be2 27. h6 Qf7 28. Rg2 a4 29. bxa4 (29. Nxe4 $142 a3+ 30. Ka1 Nxe4 31. Rxe2) 29... Nxa4+ $2 (29... e5 30. Nb3 exd4 31. Bxd4 Bxd4 32. Rxe2 Nxe2+ 33. Nxd4 Rxd4) 30. Kc1 Nc3 ({Stronger than} 30... Bxd4 31. Bxd4 Rxd4 32. Rxe2 $11) 31. Nxe4 Nxe4 32. Rxe2 Bxd4 $2 (32... Nc3 $19 33. Ree1 Nxa2+ 34. Kb2 Nc3) 33. Bxd4 $11 Rxd4 34. Qf3 $1 Nc3 35. Qc6+ Kd8 36. Qa8+ {[%emt 0:01:29] [#]} (36. Rxe6 $11 Qd7 37. Qa8+ Qc8 38. Qc6) 36... Ke7 $1 $17 37. Qxh8 Nxe2+ 38. Kb2 {[%emt 0:00:12] Qe5 is the strong threat.} Rxf4 $2 (38... Qxf4 $2 39. Qg7+ Qf7 40. Qxf7+ Kxf7 41. h7 $18) (38... Rd8 $17 {keeps the pressure on.} 39. Qe5 Qf6) 39. h7 (39. Qe5 $16 {Threatening mate with h7.} Qf5 40. Qxf5 (40. Qxc7+ Ke8 $16) 40... Rxf5 41. h7) 39... Rf5 40. Rd1 Qf8 {[%emt 0:00:17] [#] Against Qd8+} 41. Qxf8+ (41. Rd8 $1 $11 Kxd8 42. Qg8) 41... Rxf8 $11 {[%emt 0:39:58][%mdl 4096] Endgame KRN-KR} 42. Re1 Nc3 43. Rg1 $2 (43. a3) 43... Rh8 $19 {[%emt 0:00:30] Black is clearly winning.} 44. Rg7+ Kd6 45. Kb3 Nd5 46. Kc4 c5 47. Rb7 Ne3+ 48. Kd3 (48. Kb3 $142) 48... Ng4 49. Ke4 Ne5 50. Rg7 Nd7 51. Rf7 Nf8 {[%emt 0:00:30] Weighted Error Value: White=0.81/Black=0.56} 0-1

[Event "Slovakian-ch Youth 2022"]
[Site "Lubovna"]
[Date "2022.05.21"]
[Round "1.5"]
[White "Durana, Jonas"]
[Black "Hasala, Richard"]
[Result "1-0"]
[ECO "B03"]
[WhiteElo "1644"]
[BlackElo "1318"]
[Annotator "NA COMBH"]
[PlyCount "79"]
[EventDate "2022.05.22"]
[EventCountry "SVK"]
[SourceTitle "playchess.com"]
[Source "ChessBase"]
[SourceQuality "1"]
[TimeControl "40/5400+30:1800+30"]

1. e4 Nf6 2. e5 Nd5 3. d4 d6 4. c4 Nb6 5. f4 Bf5 6. Nf3 e6 7. Nc3 dxe5 8. fxe5 Bb4 9. Be2 Bxc3+ 10. bxc3 Nc6 11. O-O O-O 12. Bg5 Qd7 13. a4 Ne7 14. Qb3 Rab8 15. a5 Nbc8 16. Rfd1 h6 17. Be3 a6 18. d5 Be4 19. Bc5 c6 20. dxc6 Qxc6 21. Qb4 Qe8 22. Qa3 f6 23. Bd6 Nxd6 24. exd6 Nc6 25. c5 Qg6 26. g3 f5 27. Nh4 Qg5 28. Qc1 Qxc1 29. Rdxc1 g5 30. Nf3 f4 31. Nd4 e5 32. Bc4+ Kh7 33. Nxc6 Bxc6 34. g4 Bd7 35. Re1 Rbe8 36. Bd5 Rc8 37. Rxe5 Rxc5 38. Be4+ Bf5 39. Bxf5+ Rxf5 40. Rxf5 1-0

[Event "Slovakian-ch Youth 2022"]
[Site "Lubovna"]
[Date "2022.05.22"]
[Round "1.6"]
[White "Brnusak, Tomas"]
[Black "Kuna, Patrik"]
[Result "1-0"]
[ECO "B38"]
[WhiteElo "2212"]
[BlackElo "1811"]
[Annotator "TA"]
[PlyCount "64"]
[EventDate "2022.05.22"]
[EventCountry "SVK"]
[SourceTitle "playchess.com"]
[Source "ChessBase"]
[SourceQuality "1"]
[TimeControl "40/5400+30:1800+30"]

1. e4 c5 2. Nf3 Nc6 3. d4 cxd4 4. Nxd4 g6 5. c4 Bg7 6. Be3 Nf6 7. Nc3 O-O 8. Be2 d6 9. O-O Bd7 10. h3 Nxd4 11. Bxd4 Bc6 12. Qc2 {[%emt 0:00:09] B38: Sicilian: Maroczy Bind with 5...Bg7 and 7...0-0.} Nd7 13. Bxg7 Kxg7 14. Rad1 {[%emt 0:00:23] White is slightly better.} Qc7 15. b4 {[%emt 0:03:37] [#]} Nb6 $146 ({Predecessor:} 15... Nf6 16. Rd2 Rfc8 17. Rc1 b6 18. Bg4 Nxg4 19. hxg4 Qd7 20. f3 a5 21. b5 Bb7 22. Na4 Qc7 23. Qc3+ Kg8 24. Qe3 Rcb8 25. Nxb6 Ra7 26. Nd7 {1-0 (26) Gschnitzer,A (2405)-Herbrig,A (2295) Wuerzburg 2019}) 16. e5 Rfd8 (16... Rae8 $142) 17. exd6 $16 {[%emt 0:01:15] White is more active.} Rxd6 (17... exd6 {was worth a try.} 18. b5 Be8) 18. Rxd6 (18. c5 $18 {and the rest is easy.} Rxd1 19. Rxd1) 18... exd6 19. Rd1 (19. a4 $142) 19... Qe7 20. Qd2 Qe5 21. f4 Qe6 22. b5 $36 {[%emt 0:04:42][%mdl 2048] Keeping Black busy.} Bd7 23. Qd4+ (23. a4 $18) 23... f6 {[%emt 0:05:27] This costs Black the game.} (23... Qf6 $16) 24. Bg4 Qe7 25. Bxd7 Qxd7 {[%emt 0:02:06] [#]} (25... Nxd7 26. Rd2 (26. Qxd6 Qxd6 27. Rxd6 Nc5 $16) 26... Qe1+ 27. Kh2 Re8) 26. c5 $18 {[%emt 0:01:39][%cal Bc4c5,Bc5d6,Bd6d7][%mdl 32] White is clearly winning.} Nc8 27. Ne4 Qe6 28. cxd6 Nb6 29. Nc5 Qf7 30. Re1 {[%emt 0:02:29] [#] aiming for Re7.} Re8 {[%emt 0:00:58] Prevents Re7.} 31. Rxe8 Qxe8 32. d7 Qd8 {[%emt 0:00:25] Weighted Error Value: White=0.31/Black=0.87} 1-0

[Event "Slovakian-ch Youth 2022"]
[Site "Lubovna"]
[Date "2022.05.21"]
[Round "1.6"]
[White "Tokarcik, Jan"]
[Black "Vargosko, Juraj"]
[Result "1-0"]
[ECO "B08"]
[WhiteElo "1313"]
[BlackElo "1640"]
[Annotator "NA COMBH"]
[PlyCount "75"]
[EventDate "2022.05.22"]
[EventCountry "SVK"]
[SourceTitle "playchess.com"]
[Source "ChessBase"]
[SourceQuality "1"]
[TimeControl "40/5400+30:1800+30"]

1. e4 d6 2. d4 Nf6 3. Nc3 g6 4. Nf3 Bg7 5. Bd3 O-O 6. O-O Bg4 7. h3 Bxf3 8. Qxf3 Nc6 9. Be3 Nd7 10. Ne2 e5 11. d5 Nd4 12. Qg3 f5 13. Bxd4 f4 14. Qg4 exd4 15. Nxf4 Ne5 16. Qg3 Qf6 17. Ne6 Rf7 18. f4 Nd7 19. Rae1 c6 20. e5 dxe5 21. fxe5 Qe7 22. Nxg7 Rxf1+ 23. Rxf1 Kxg7 24. e6 Nf6 25. d6 Qxe6 26. Re1 Nh5 27. Rxe6 Nxg3 28. Re7+ Kf6 29. Bc4 b5 30. Bb3 c5 31. Re6+ Kf5 32. d7 Rd8 33. Re8 c4 34. Rxd8 Ke6 35. Rb8 Kxd7 36. Rxb5 cxb3 37. Rxb3 Ne4 38. Rd3 1-0

[Event "Slovakian-ch Youth 2022"]
[Site "Lubovna"]
[Date "2022.05.21"]
[Round "1.7"]
[White "Benci, Jozef"]
[Black "Kluska, Lukas"]
[Result "1-0"]
[ECO "A06"]
[WhiteElo "1873"]
[BlackElo "1215"]
[Annotator "NA COMBH"]
[PlyCount "47"]
[EventDate "2022.05.22"]
[EventCountry "SVK"]
[SourceTitle "playchess.com"]
[Source "ChessBase"]
[SourceQuality "1"]
[TimeControl "40/5400+30:1800+30"]

1. Nf3 d5 2. g3 Nf6 3. Bg2 Bf5 4. d3 e6 5. O-O Be7 6. Nbd2 O-O 7. c4 d4 8. b3 c5 9. Bb2 Nc6 10. Nh4 Qc7 11. a3 Ng4 12. Ndf3 Nce5 13. Nxe5 Qxe5 14. e4 Bxh4 15. exf5 exf5 16. h3 Nxf2 17. Rxf2 Bxg3 18. Re2 Bh2+ 19. Kh1 Qg3 20. Qd2 Rfe8 21. Rae1 Rxe2 22. Qxe2 h6 23. Rf1 f4 24. Rf3 1-0